 Adventure DCSS version bcrawl-1.18.1 (webtiles) character file.

Game seed: 1195772137396035556

1483 polve the Carver (level 8, 0/51 HPs)
             Began as a Twilight Stalker Fighter on Nov 2, 2019.
             Was an Elder of Uskayaw.
             Slain by a troll (10 damage)
             ... on level 8 of the Dungeon.
             The game lasted 00:15:51 (5818 turns).

polve the Carver (Twilight Stalker Fighter)         Turns: 5818, Time: 00:15:51

Health: 0/51       AC: 10    Str: 20    XL:     8   Next: 79%
Magic:  9/9        EV:  7    Int:  8    God:    Uskayaw [****..]
Gold:   473        SH: 17    Dex: 16    Spells: 7/7 levels left
                                        Lives:  0   Deaths: 2

rFire    . . .     SeeInvis .   y - +2 falchion (slice)
rCold    . . .     Gourm    .   c - +0 shield
rNeg     . . .     Faith    .   b - +0 scale mail
rPois    .         Spirit   .   (no helmet)
rElec    .         Reflect  +   k - +2 cloak
rCorr    .         Harm     .   (no gloves)
MR       +....                  (no boots)
Stlth    ++........             r - +3 amulet of reflection
HPRegen  0.57/turn              D - ring of protection from magic
MPRegen  0.11/turn              (no ring)

@: studying Maces & Flails
A: fangs 3, nightstalker 1, regeneration 1, no potion heal 3, rot immunity,
draining bite, strong jaws, assimilated armour
a: Stomp, Line Pass, Renounce Religion


You were on level 8 of the Dungeon.
You worshipped Uskayaw.
Uskayaw was noncommittal.
You were not hungry.

You visited 1 branch of the dungeon, and saw 8 of its levels.
You also visited: Ossuary.

You collected 473 gold pieces.

Inventory:

Hand Weapons
 a - a +0 long sword
 y - a +2 falchion of slicing (weapon)
Armour
 b - a +0 scale mail (worn)
 c - a +0 shield (worn)
 k - a +2 cloak (worn)
Jewellery
 r - a +3 amulet of reflection (around neck)
 D - a ring of protection from magic (left hand)
 F - an uncursed amulet of faith {unknown}
Scrolls
 e - a scroll of magic mapping {unknown}
 g - 8 scrolls of identify {unknown}
 h - a scroll of enchant weapon {unknown}
 t - 2 scrolls of enchant armour {unknown}
 u - 3 scrolls of remove curse {unknown}
 v - 10 scrolls of teleportation {unknown}
 w - 2 scrolls of noise {unknown}
 z - a scroll of fear {unknown}
 B - a scroll of blinking {unknown}
 E - a scroll of summoning {unknown}
Potions
 d - 3 potions of might
 i - 2 potions of brilliance {unknown}
 j - 3 potions of mutation {unknown}
 l - 5 potions of curing {unknown}
 m - 3 potions of degeneration {unknown}
 n - a potion of cancellation {unknown}
 o - a potion of resistance {unknown}
 p - a potion of berserk rage {unknown}
 q - a potion of invisibility {unknown}
 s - a potion of haste {unknown}
 x - 2 potions of flight {unknown}
 A - a potion of lignification {unknown}
Books
 C - a manual of Maces & Flails
Comestibles
 f - 7 rations {!d}


   Skills:
 - Level 6.3 Fighting
 * Level 9.7 Long Blades
 + Level 5.5 Armour
 + Level 6.0 Shields


You had 7 spell levels left.
You didn't know any spells.
Your spell library contained the following spells:

 Spells                   Type           Power        Failure   Level  Hunger
 Tree Form                Hex/Tmut       N/A          100%        5    ######.
 Statue Form              Tmut/Erth      #........    100%        6    #######
 Dragon Form              Tmut           #......      100%        7    #######
 Necromutation            Tmut/Necr      #.......     100%        8    #######


Dungeon Overview and Level Annotations

Branches:
Dungeon (8/12)             Temple (0/1) D:7
   Lair: D:7-9          Orc: D:8-11

Altars:
Dithmenos
Nemelex Xobeh
Okawaru
Sif Muna
Trog
Uskayaw

Shops:
D:5 [   D:7 }


Innate Abilities, Weirdness & Mutations

You have razor-sharp teeth.
You are slightly more attuned to the shadows.
Your natural rate of healing is unusually fast.
Potions cannot restore your health.
You are immune to rotting.
Your bite drains your enemy's life force.
Your bites deal extra damage.
Your stealth is less affected by armour.


Message History

The hound is no longer sharing its pain.
The two-headed ogre is no longer sharing its pain.
The troll bites you!
* * * LOW HITPOINT WARNING * * *
The troll claws you.
* * * LOW HITPOINT WARNING * * *
You block the troll's attack.
The two-headed ogre barely misses you. x2
You hit the two-headed ogre.
You bite the two-headed ogre, but do no damage.
The two-headed ogre is almost dead.
The bullfrog skeleton is no longer sharing its pain.
The hound skeleton is no longer sharing its pain.
The worker ant zombie is no longer sharing its pain.
The sky beast is no longer sharing its pain.
The adder is no longer sharing its pain.
The crocodile is no longer sharing its pain.
The worker ant zombie is no longer sharing its pain.
You block the sky beast's attack. The troll bites you but does no damage.
The troll claws you!
You die...

.#....
..............
.##....
#####..#######
.# .#.. #...#
.# #.. # #..##
<.## #.##
#...###.######
#........!..
#.#.T..#....
#ZY@#..# ...
#.tZO##..# ..
..?OSZ #T... .
###..Z ...#.[
..Z.[ ...#$..
..#... ... ..
......


You could see a two-headed ogre, a troll, a crocodile, a sky beast, an ogre, an
adder, 2 worker ant zombies, a hound skeleton, a bullfrog skeleton and a howler
monkey skeleton.

Vanquished Creatures
  The ghost of Mynwai Cisi the Grave Robber, a novice HuNe of Yredelemnul (D:7)
  A troll (D:5)
  A hippogriff (D:6)
  Sigmund (D:6)
  A wraith (D:7)
  A hungry ghost (D:7)
  Menkaure (D:5)
  An ice beast (D:5)
  2 sky beasts
  A black bear (D:6)
  A phantom (D:4)
  2 necrophages
  3 ogres
  3 centaurs
  A crocodile (D:7)
  2 water moccasin zombies (Ossuary)
  10 killer bees (D:7)
  A wight (D:6)
  A howler monkey (D:6)
  7 crimson imps
  A quasit (D:6)
  A bullfrog zombie (D:7)
  3 hounds
  3 jellies (D:5)
  3 orc priests
  A bullfrog skeleton (D:7)
  2 centaur skeletons
  4 orc wizards
  5 worker ants
  An iguana (D:4)
  4 big kobold zombies (Ossuary)
  A bullfrog simulacrum (D:7)
  A hound zombie (D:7)
  2 hound skeletons
  3 mummies
  3 gnolls (D:5)
  A worker ant zombie (D:7)
  9 adders
  A shadow imp (D:8)
  3 oozes
  4 adder zombies (Ossuary)
  6 worms
  4 leopard geckos
  24 orcs
  6 bats
  4 giant cockroaches
  6 gnoll zombies (Ossuary)
  3 goblins (D:1)
  7 hobgoblins
  7 jackals
  6 quokkas
  3 frilled lizards
  5 hobgoblin zombies (Ossuary)
  5 kobolds
  2 kobold zombies (Ossuary)
  2 orc zombies (Ossuary)
  8 rats
196 creatures vanquished.

Notes
Turn   | Place    | Note
-------+----------+-------------------------------------------
     0 | D:1      | polve the Vine Stalker Fighter began the quest for the Orb.
     0 | D:1      | Reached XP level 1. HP: 13/13 MP: 2/2
    86 | D:1      | Reached skill level 2 in Long Blades
   101 | D:1      | Reached XP level 2. HP: 14/18 MP: 3/3
   699 | D:2      | Reached XP level 3. HP: 23/23 MP: 4/4
   841 | D:2      | Found a sparkling altar of Nemelex Xobeh.
  1526 | D:3      | Reached skill level 3 in Long Blades
  1526 | D:3      | Reached XP level 4. HP: 28/28 MP: 5/5
  1678 | D:3      | Noticed a centaur
  1679 | D:3      | Reached XP level 5. HP: 33/33 MP: 6/6
  1684 | D:3      | Killed a centaur
  1726 | D:3      | Reached skill level 4 in Long Blades
  1735 | D:3      | Gained mutation: You have razor-sharp teeth. [Vine Stalker
                  | growth]
  1735 | D:3      | Reached XP level 6. HP: 36/39 MP: 7/7
  2154 | D:3      | Reached skill level 5 in Fighting
  2351 | D:3      | Found a shadowy altar of Dithmenos.
  2429 | D:4      | Noticed a phantom
  2515 | D:3      | Reached XP level 7. HP: 44/44 MP: 8/8
  2659 | D:4      | Reached skill level 5 in Long Blades
  2691 | D:4      | HP: 1/45 [orc priest/divine providence (16)]
  2795 | D:4      | Found a sand-covered staircase.
  2800 | Ossuary  | Entered an ossuary
  2975 | Ossuary  | Gained mutation: Your bite drains your enemy's life force.
                  | [Twilight Stalker growth]
  2975 | Ossuary  | Gained mutation: Your stealth is less affected by armour.
                  | [Twilight Stalker growth]
  2975 | Ossuary  | Gained mutation: You are slightly more attuned to the
                  | shadows. [Twilight Stalker growth]
  2975 | Ossuary  | Reached XP level 8. HP: 36/51 MP: 8/9
  3171 | D:4      | Reached skill level 6 in Long Blades
  3232 | D:4      | Found an iron altar of Okawaru.
  3638 | D:5      | Entered Level 5 of the Dungeon
  3778 | D:5      | Found a hide-covered altar of Uskayaw.
  3818 | D:5      | Noticed a troll
  3827 | D:5      | Killed a troll
  3827 | D:5      | Reached skill level 7 in Long Blades
  3858 | D:5      | Noticed Menkaure
  3882 | D:5      | Killed Menkaure
  3882 | D:5      | Reached XP level 9. HP: 55/55 MP: 10/10
  3887 | D:5      | Found Xaschok's Armour Shoppe.
  4100 | D:5      | Found a shimmering blue altar of Sif Muna.
  4100 | D:5      | Found a bloodstained altar of Trog.
  4300 | D:5      | Became a worshipper of Uskayaw the Reveler
  4460 | D:6      | Reached * piety under Uskayaw
  4462 | D:6      | Reached ** piety under Uskayaw
  4465 | D:6      | Reached *** piety under Uskayaw
  4466 | D:6      | Reached skill level 8 in Long Blades
  4468 | D:6      | Reached **** piety under Uskayaw
  4473 | D:6      | Reached ***** piety under Uskayaw
  4663 | D:6      | Noticed Sigmund
  4669 | D:6      | Killed Sigmund
  4669 | D:6      | Reached skill level 5 in Shields
  5096 | D:7      | HP: 2/55 [orc/+0 trident (3)]
  5099 | D:7      | Reached skill level 9 in Long Blades
  5099 | D:7      | Succumbed to a killer bee's poison
  5100 | D:7      | Reached XP level 8. HP: 0/51 MP: 2/9
  5114 | D:7      | Reached skill level 5 in Armour
  5114 | D:7      | Reached XP level 9. HP: 22/55 MP: 10/10
  5118 | D:7      | Reached ****** piety under Uskayaw
  5127 | D:7      | HP: 2/55 [poisoned by a killer bee]
  5133 | D:7      | HP: 2/55 [poisoned by a killer bee]
  5474 | D:7      | Found Fup Wuvi's Gadget Shoppe.
  5488 | D:7      | Found a transporter.
  5488 | D:7      | Noticed Mynwai Cisi's ghost (novice HuNe)
  5545 | D:7      | Found a staircase to the Ecumenical Temple.
  5616 | D:7      | Killed Mynwai Cisi's ghost
  5623 | D:7      | Found a transporter.
  5767 | D:8      | Noticed a two-headed ogre
  5783 | D:8      | Slain by a two-headed ogre
  5784 | D:8      | Reached XP level 8. HP: -2/51 MP: 9/9
  5808 | D:8      | Noticed a two-headed ogre
  5809 | D:8      | Noticed a troll
  5818 | D:8      | Slain by a troll

Skill      XL: |  1  2  3  4  5  6  7  8  9 |
---------------+----------------------------+-----
Long Blades    | 2 3 4 5 7 9 |  9.7
Fighting       | 3 4 5 6 |  6.3
Shields        | 4 6 |  6.0
Armour         | 5 4 |  5.5

Action                   |  1- 3 |  4- 6 |  7- 9 || total
-------------------------+-------+-------+-------++-------
Melee: Long sword        |   119 |   133 |   196 ||   448
       Bite              |    10 |    22 |   140 ||   172
       Falchion          |       |       |   272 ||   272
Invok: Line Pass         |       |       |     2 ||     2
  Use: Potion            |       |     1 |     3 ||     4
 Stab: Distracted        |       |       |     3 ||     3
       Paralysed         |       |       |     8 ||     8
       Sleeping          |       |       |     4 ||     4
       Confused          |       |       |     1 ||     1
  Eat: Chunk             |     2 |     3 |    11 ||    16
Armor: Scale mail        |    46 |    35 |   122 ||   203
Dodge: Dodged            |    33 |    32 |    99 ||   164
Block: Shield            |    64 |    90 |   301 ||   455
       Reflection        |     1 |     3 |     2 ||     6
